 Dungeon Crawl Stone Soup version 0.22.1-1-ga44c0e5 (webtiles) character file.

825 twiked the Chiller (level 7, -4/50 HPs)
             Began as a Merfolk Ice Elementalist on Oct 30, 2018.
             Was an Initiate of Okawaru.
             Slain by an ice beast (10 damage)
             ... on level 5 of the Dungeon.
             The game lasted 00:18:37 (5475 turns).

twiked the Chiller (Merfolk Ice Elementalist)       Turns: 5475, Time: 00:18:38

Health: -4/50      AC:  8    Str: 11    XL:     7   Next: 96%
Magic:  0/23       EV: 14    Int: 14    God:    Okawaru [......]
Gold:   221        SH:  3    Dex: 16    Spells: 9/15 levels left

rFire    . . .     SeeInvis .   r - +2 dagger (speed)
rCold    . . .     Gourm    .   (no shield)
rNeg     . . .     Faith    .   a - +0 robe
rPois    .         Spirit   +   (no helmet)
rElec    .         Reflect  +   o - scarf {Spirit}
rCorr    .         Harm     .   (no gloves)
MR       .....                  (no boots)
Stlth    +++.......             g - +3 amulet of reflection
HPRegen  0.16/turn              v - ring of magical power
MPRegen  0.18/turn              z - +2 ring of strength

@: icy armour
A: change form in water, swift swim, stealthy swim
a: Renounce Religion


You were on level 5 of the Dungeon.
You worshipped Okawaru.
Okawaru was noncommittal.
You were not hungry.

You visited 1 branch of the dungeon, and saw 5 of its levels.
You also visited: Ossuary.

You collected 221 gold pieces.

Inventory:

Hand Weapons
 l - a +0 dagger
 r - a +2 dagger of speed (weapon)
 s - a cursed -2 spear
 y - a +0 hand axe
Missiles
 k - 8 tomahawks (quivered)
 t - 24 poisoned needles
 A - 6 javelins
Armour
 a - a +0 robe (worn)
 o - a scarf of spirit shield (worn)
 K - a +0 helmet
Jewellery
 g - a +3 amulet of reflection (around neck)
 v - a ring of magical power (left hand)
 z - a +2 ring of strength (right hand)
Wands
 n - a wand of digging (10)
 p - a wand of random effects (34)
 x - a wand of flame (28)
Scrolls
 d - a scroll of random uselessness {unknown}
 e - a scroll of fog
 f - 5 scrolls of teleportation {unknown}
 i - a scroll of enchant armour {unknown}
 j - 2 scrolls of enchant weapon {unknown}
 m - a scroll of magic mapping {unknown}
 q - 5 scrolls of identify {unknown}
 B - a scroll of remove curse {unknown}
 D - a scroll of blinking {unknown}
 E - a scroll of amnesia {unknown}
 J - a scroll of summoning {unknown}
Potions
 b - 2 potions of curing
 h - 2 potions of flight {unknown}
 u - 3 potions of berserk rage {unknown}
 w - 4 potions of lignification {unknown}
 C - a potion of brilliance {unknown}
 F - a potion of ambrosia {unknown}
 G - 2 potions of degeneration {unknown}
 H - a potion of haste
 I - a potion of heal wounds {unknown}
Comestibles
 c - 9 rations


   Skills:
 + Level 2.0 Fighting
 - Level 1.7 Short Blades
 + Level 0.1 Throwing
 + Level 4.2 Dodging
 + Level 4.0 Stealth
 + Level 4.9 Spellcasting
 + Level 1.1 Conjurations
 + Level 1.0 Charms
 + Level 6.2 Ice Magic


You had 9 spell levels left.
You knew the following spells:

 Your Spells              Type           Power        Failure   Level  Hunger
a - Freeze                Ice            ###.         1%          1    None
b - Throw Frost           Conj/Ice       ##....       6%          2    ##.....
c - Ozocubu's Armour      Chrm/Ice       ##......     12%         3    ###....

Your spell library contained the following spells:

 Spells                   Type           Power        Failure   Level  Hunger
 Throw Icicle             Conj/Ice       ##......     36%         4    ####...
 Summon Ice Beast         Ice/Summ       ##......     43%         4    ####...


Dungeon Overview and Level Annotations

Branches:
Dungeon (5/15)             Temple (0/1) D:5

Altars:
Hepliaklqana
Okawaru
Qazlal
Xom

Annotations:
D:5 3 runed doors, Razmath's ghost, novice TeAE


Message History

You freeze the ice beast.
The ice beast completely resists.
The ice beast is severely wounded.
You block the ice beast's attack.
Casting: Freeze (safe; 1% risk of failure)
Confirm with . or Enter, or press ? or * to list all spells.
Aiming: Freeze (safe; 1% risk of failure)
Press: ? - help, Shift-Dir - straight line, f/p - ice beast
Aim: an ice beast (severely wounded)
Okay, then.
You hit the ice beast but do no damage.
The ice beast is severely wounded.
The ice beast closely misses you.
You hit the ice beast but do no damage.
The ice beast is severely wounded.
You closely miss the ice beast.
The ice beast is severely wounded.
The ice beast hits you.
* * * LOW HITPOINT WARNING * * *
The ice beast freezes you!
You die...

.# #.......## .# #.###.#.##
#.# .###.###....# ##.##
###.........# ##...## ##
###.#######.# ..... #.## ....#
#.# ..O #...## #...#######.#
#.##.....#
..#.##......#########.#.......
###..≈≈≈..#.....@Yw...........
# #.≈§§≈≈.###########.#.......
###≈≈≈≈§≈≈# #.##.....#
#.≈§§>≈§≈# #.# #...##
#.≈≈≈≈≈≈≈# #.# #.## #..≈≈§§≈.#
#.# ## ##...≈≈§..# ..#
...######## #.# ####


You could see an ice beast and a worm.

Vanquished Creatures
  Edmund (D:3)
  An ogre (D:4)
  A water moccasin zombie (Ossuary)
  A bullfrog zombie (D:4)
  2 bullfrog skeletons (D:4)
  A centaur skeleton (D:4)
  A hound (D:4)
  2 iguanas (D:4)
  Natasha (thrice) (D:3)
  2 orc wizards (D:3)
  A worker ant (D:4)
  A big kobold zombie (Ossuary)
  2 hound zombies (D:4)
  2 mummies (Ossuary)
  4 adders
  6 adder zombies
  2 adder skeletons (D:4)
  2 worms
  2 leopard geckos
  5 orcs
  5 bats
  2 giant cockroaches (D:2)
  5 gnoll zombies (Ossuary)
  7 goblins
  5 hobgoblins
  12 jackals
  3 quokkas
  A ball python (D:3)
  A ball python zombie (D:4)
  2 frilled lizards
  A giant cockroach zombie (D:4)
  A goblin zombie (D:5)
  10 hobgoblin zombies (Ossuary)
  4 kobolds
  6 kobold zombies (Ossuary)
  2 leopard gecko skeletons (D:4)
  4 orc zombies (Ossuary)
  A rat (D:3)
  A rat zombie (D:5)
115 creatures vanquished.

Vanquished Creatures (others)
  Eustachio (D:4)
  2 plants (D:5)
3 creatures vanquished.

Grand Total: 118 creatures vanquished

Notes
Turn   | Place    | Note
-------+----------+-------------------------------------------
     0 | D:1      | twiked the Merfolk Ice Elementalist began the quest for the
                  | Orb.
     0 | D:1      | Reached XP level 1. HP: 13/13 MP: 3/3
   582 | D:1      | Reached XP level 2. HP: 18/19 MP: 3/5
  1110 | D:2      | Reached XP level 3. HP: 24/24 MP: 2/6
  1111 | D:2      | Reached skill level 4 in Ice Magic
  1495 | D:2      | Learned a level 2 spell: Throw Frost
  1499 | D:2      | Learned a level 3 spell: Ozocubu's Armour
  1560 | D:3      | Reached XP level 4. HP: 10/30 MP: 0/8
  2455 | D:4      | Reached XP level 5. HP: 36/36 MP: 4/10
  2602 | D:4      | Noticed Edmund
  2692 | D:3      | Killed Edmund
  2692 | D:3      | Reached skill level 1 in Short Blades
  2692 | D:3      | Reached skill level 5 in Ice Magic
  2692 | D:3      | Reached XP level 6. HP: 7/42 MP: 0/11
  2834 | D:4      | Noticed Eustachio
  2850 | D:4      | Found a shimmering altar of Xom.
  3097 | D:4      | Noticed Natasha
  3118 | D:3      | Killed Natasha
  3212 | D:3      | Noticed Natasha
  3217 | D:3      | Killed Natasha
  3315 | D:3      | Noticed Natasha
  3321 | D:3      | Killed Natasha
  3578 | D:4      | Reached XP level 7. HP: 43/47 MP: 13/13
  3718 | D:4      | Reached skill level 6 in Ice Magic
  3785 | D:3      | Reached skill level 1 in Conjurations
  3827 | D:4      | Reached skill level 1 in Fighting
  3907 | D:4      | Found a hazy altar of Hepliaklqana.
  3907 | D:4      | Found an iron altar of Okawaru.
  3907 | D:4      | Found a stormy altar of Qazlal.
  3925 | D:4      | Became a worshipper of Warmaster Okawaru
  3933 | D:4      | Killed Eustachio
  4214 | D:5      | Entered Level 5 of the Dungeon
  4300 | D:5      | Found a staircase to the Ecumenical Temple.
  4335 | D:5      | Found a sand-covered staircase.
  4342 | Ossuary  | Entered an ossuary
  4465 | Ossuary  | Reached skill level 1 in Charms
  5340 | D:5      | Found a runed gate.
  5341 | D:5      | Found a runed gate.
  5342 | D:5      | Found a runed gate.
  5343 | D:5      | Noticed Razmath's ghost (novice TeAE)
  5432 | D:5      | Noticed a two-headed ogre
  5475 | D:5      | Slain by an ice beast

Skill      XL: |  1  2  3  4  5  6  7 |
---------------+----------------------+-----
Ice Magic      | 4 5 6 |  6.2
Dodging        | 3 4 |  4.2
Spellcasting   | 3 4 |  4.9
Short Blades   | 1 |  1.7
Stealth        | 4 |  4.0
Conjurations   | 1 |  1.1
Fighting       | 2 |  2.0
Charms         | 1 |  1.0
Throwing       | |  0.1

Action                   |  1- 3 |  4- 6 |  7- 9 || total
-------------------------+-------+-------+-------++-------
Melee: Unarmed           |     3 |       |       ||     3
       Dagger            |    36 |    92 |   336 ||   464
Throw: Tomahawk          |       |     2 |       ||     2
 Cast: Freeze            |    56 |    42 |    17 ||   115
       Throw Frost       |     1 |    11 |    16 ||    28
       Ozocubu's Armour  |     1 |     5 |     4 ||    10
  Use: Potion            |     2 |       |       ||     2
       Scroll            |       |     1 |       ||     1
 Stab: Sleeping          |       |       |     4 ||     4
  Eat: Chunk             |     3 |     6 |       ||     9
       Ration            |       |       |     3 ||     3
Armor: Robe              |    22 |     9 |    29 ||    60
Dodge: Dodged            |    74 |    66 |   152 ||   292
Block: Other             |    10 |    14 |    32 ||    56
